 Dungeon Crawl Stone Soup version 0.28-a0-1555-g9ae15a6949 (webtiles) character file.

Game seed: 7317632787813731149

2124 HallandMoats the Fighter (level 9, 0/81 HPs)
             Began as a Ghoul Monk on Jan 18, 2022.
             Was a Believer of Okawaru.
             Slain by a killer bee (1 damage)
             ... on level 7 of the Dungeon.
             The game lasted 00:12:43 (8831 turns).

HallandMoats the Fighter (Ghoul Monk)               Turns: 8831, Time: 00:12:44

Health: 0/81       AC: 11    Str: 19    XL:     9   Next: 29%
Magic:  8/8        EV:  9    Int:  5    God:    Okawaru [**....]
Gold:   340        SH:  0    Dex: 17    Spells: 8/8 levels left

rFire   . . .      SeeInvis +   a - +2 hand axe (venom)
rCold   + . .      Faith    .   (no shield)
rNeg    + + +      Spirit   .   F - +0 chain mail
rPois   ∞          Reflect  .   j - +0 helmet
rElec   .          Harm     .   (no cloak)
rCorr   .          Rampage  .   (no gloves)
Will    .....                   t - +0 pair of boots
Stlth   ..........              (no amulet)
HPRegen 0.00/turn               q - +6 ring of dexterity
MPRegen 0.11/turn               C - ring of see invisible

@: about to teleport, inhibited regen, hasted (expiring), invisible, very quick
A: claws 1, cold resistance 1, negative energy resistance 3, inhibited
regeneration, torment resistance 2
a: Renounce Religion, Heroism


You were on level 7 of the Dungeon.
You worshipped Okawaru.
Okawaru was pleased with you.
You visited 2 branches of the dungeon, and saw 8 of its levels.
You also visited: Sewer.

You collected 340 gold pieces.

Inventory:

Hand Weapons
 a - a +2 hand axe of venom (weapon)
 b - a +2 short sword of protection
 B - a +1 whip of venom
Missiles
 r - 2 throwing nets (quivered)
Armour
 j - a +0 helmet (worn)
 t - a +0 pair of boots (worn)
 F - a +0 chain mail (worn)
Jewellery
 g - a ring of flight
 q - a +6 ring of dexterity (left claw)
 C - a ring of see invisible (right claw)
Wands
 k - a wand of paralysis (7)
 v - a wand of iceblast (5)
Scrolls
 c - 2 scrolls of fog
 d - 5 scrolls of teleportation
 e - a scroll of silence {unknown}
 h - a scroll of enchant armour {unknown}
 i - a scroll of immolation
 n - a scroll of acquirement {unknown}
 u - 2 scrolls of fear {unknown}
 x - a scroll of magic mapping {unknown}
 y - a scroll of holy word
 A - a scroll of amnesia {unknown}
Potions
 l - a potion of magic
 o - a potion of mutation
 p - 2 potions of flight {unknown}
 s - a potion of might {unknown}
 w - a potion of heal wounds {unknown}
 D - a potion of curing {unknown}
 E - a potion of attraction {unknown}


   Skills:
 * Level 8.2 Fighting
 - Level 5.5 Long Blades
 * Level 3.8 Axes
 + Level 4.2 Armour
 + Level 5.1 Dodging
 - Level 2.1 Stealth


You had 8 spell levels left.
You didn't know any spells.
Your spell library contained the following spells:

 Spells                   Type           Power      Damage    Failure   Level
 Static Discharge         Conj/Air       0%         N/A       100%        2
 Ozocubu's Armour         Ice            0%         N/A       100%        3
 Lightning Bolt           Conj/Air       0%         1d11      100%        5
 Metabolic Englaciation   Hex/Ice        0%         N/A       100%        5
 Maxwell's Capacitive Co  Air            0%         ∞         100%        8
 Simulacrum               Ice/Necr       Unusable   N/A       N/A         6

Dungeon Overview and Level Annotations

Branches:
Dungeon (7/15)             Temple (1/1) D:5           Sewer (visited)

Altars:
Ashenzari
Cheibriados
Dithmenos
Elyvilon
Fedhas
Gozag
Hepliaklqana
Makhleb
Nemelex Xobeh
Okawaru
Qazlal
Ru
Sif Muna
Trog
Uskayaw
Vehumet
Wu Jian
Xom
Yredelemnul
Zin
The Shining One

Shops:
D:6 *

Annotations:
D:4 3 runed translucent doors, gimp's ghost, novice DjWn; horus123's ghost, novice DECj; sirJeffrey23's ghost, amateur HuGl
D:7 1 transporter, sbbq2022's ghost, novice DsFi


Innate Abilities, Weirdness & Mutations

You thrive by killing the living.
You are immune to poison.
You have sharp fingernails.
Your flesh is cold resistant. (rC+)
You are immune to negative energy. (rN+++)
You do not regenerate when monsters are visible.
You are immune to unholy pain and torment.


Message History

Okawaru accepts your kill.
Sbbq2022's ghost hits you but does no damage.
You bump into the translucent stone wall.
You feel less invigorated.
You feel less confused.
The killer bee buzzes angrily.
The killer bee stings you.
* * * LOW HITPOINT WARNING * * *
Sbbq2022's ghost hits you.
* * * LOW HITPOINT WARNING * * *
You hit the killer bee.
The killer bee is lightly wounded.
You hit sbbq2022's ghost but do no damage.
The killer bee buzzes angrily.
You closely miss the killer bee.
The killer bee is lightly wounded.
You hit sbbq2022's ghost.
The killer bee buzzes angrily.
The killer bee barely misses you. Sbbq2022's ghost hits you.
* * * LOW HITPOINT WARNING * * *
The killer bee barely misses you.
You miss the killer bee.
The killer bee is lightly wounded.
The killer bee buzzes angrily.
You hit sbbq2022's ghost.
The killer bee buzzes angrily.
The killer bee stings you.
* * * LOW HITPOINT WARNING * * *
Sbbq2022's ghost hits you!
* * * LOW HITPOINT WARNING * * *
Blink to where?
Press: ? - help, Dir - move target
As you read the scroll of blinking, it crumbles to dust.
The killer bee buzzes angrily.
Okay, then.
As you read the scroll of teleportation, it crumbles to dust.
You feel strangely unstable.
Your extra speed is starting to run out.
The killer bee stings you.
You die...

#.#.#.#.....#########...........
#.#.#.#.....# #.#.........
#.#.#.#.....### #.#.........
#.#.#.#.......#######.#.........
#.#.#.#.....#.##........##......
##.#.#.#.................####.#+#
#......#...###.###..##.#.........
#......#..#########..#.#......>..
######.#.###.###@###.#.#.........
#.#.##...#..y##.#.##........
#.#.##.#.#.#y##.#.##........
#.#.##...#..y##.#.##........
#.#.#.#.#.#.#$#.#.##........
#...#..#..y#.$#....'........
#..©#©.#.#.#.©#©.###......#.
#.#.#..#...#.?#.## #......#.
#.#.#.#.#W#.#.#.# ########.


You could see 3 killer bees.

Vanquished Creatures
  A hornet (D:7)
  A water moccasin (D:5)
  Pargi (Sewer)
  A black bear (D:6)
  An ice beast (D:6)
  An orc warrior (D:4)
  2 ogres
  Blork the orc (D:5)
  A water moccasin zombie (D:7)
  3 scorpions
  2 killer bees (D:7)
  A bullfrog zombie (D:5)
  2 bullfrog skeletons
  3 centaur zombies
  2 hounds
  Natasha (thrice) (D:2)
  3 iguanas
  2 orc wizards
  A killer bee zombie (D:5)
  2 hound skeletons
  Robin (D:2)
  11 gnolls
  10 adders
  A river rat (D:3)
  2 shadow imps
  2 white imps (D:6)
  2 ufetubi
  An adder skeleton (D:5)
  An adder zombie (D:5)
  5 worms
  4 dart slugs
  11 orcs
  11 ball pythons
  6 endoplasms
  5 giant cockroaches
  11 goblins
  8 hobgoblins
  9 jackals
  5 kobolds
  2 quokkas
  4 bats
  6 frilled lizards
  8 rats
160 creatures vanquished.

Notes
Turn   | Place    | Note
-------+----------+-------------------------------------------
     0 | D:1      | HallandMoats the Ghoul Monk began the quest for the Orb.
     0 | D:1      | Reached XP level 1. HP: 19/19 MP: 0/0
   209 | D:1      | Reached XP level 2. HP: 22/26 MP: 1/1
  1213 | D:2      | Reached XP level 3. HP: 33/33 MP: 2/2
  1291 | D:2      | Noticed Robin
  1352 | D:2      | HP: 1/33 [goblin[Robin] (2)]
  1973 | D:2      | Reached skill level 1 in Armour
  1976 | D:2      | Reached skill level 4 in Fighting
  2078 | D:2      | Reached XP level 4. HP: 33/40 MP: 3/3
  2223 | D:2      | Noticed Natasha
  2240 | D:2      | Killed Natasha
  2300 | D:2      | Killed Robin
  2309 | D:2      | Reached XP level 5. HP: 39/47 MP: 4/4
  2371 | D:2      | Noticed Natasha
  2379 | D:2      | Killed Natasha
  2395 | D:2      | Noticed Natasha
  2409 | D:2      | Killed Natasha
  2877 | D:3      | Found a glowing drain.
  2881 | D:3      | Reached XP level 6. HP: 53/55 MP: 5/5
  2896 | Sewer    | Entered a sewer
  2947 | Sewer    | Noticed Pargi
  2963 | Sewer    | Killed Pargi
  2964 | Sewer    | Reached skill level 5 in Fighting
  3259 | D:3      | Found a faded altar of an unknown god.
  3888 | D:4      | Found a runed translucent gate.
  3888 | D:4      | Found a runed translucent gate.
  3888 | D:4      | Found a runed translucent gate.
  3889 | D:4      | Noticed sirJeffrey23's ghost (amateur HuGl)
  3889 | D:4      | Noticed gimp's ghost (novice DjWn)
  3890 | D:4      | Noticed horus123's ghost (novice DECj)
  4104 | D:4      | Reached XP level 7. HP: 58/61 MP: 6/6
  4655 | D:4      | Reached skill level 5 in Long Blades
  4962 | D:5      | Entered Level 5 of the Dungeon
  4962 | D:5      | Noticed Blork the orc
  4973 | D:5      | Killed Blork the orc
  4974 | D:5      | Reached skill level 6 in Fighting
  5108 | D:5      | Reached XP level 8. HP: 55/71 MP: 7/7
  5372 | D:5      | Found a staircase to the Ecumenical Temple.
  5385 | Temple   | Entered the Ecumenical Temple
  5732 | Temple   | Became a worshipper of Warmaster Okawaru
  5732 | Temple   | Reached * piety under Okawaru
  5732 | Temple   | Reached ** piety under Okawaru
  5883 | D:5      | Reached skill level 1 in Axes
  6253 | D:6      | Reached skill level 7 in Fighting
  6343 | D:6      | Found Sinyluji's Elemental Accessories.
  7663 | D:7      | Reached XP level 9. HP: 70/80 MP: 8/8
  7794 | D:7      | Reached skill level 5 in Dodging
  8072 | D:7      | Found a transporter.
  8088 | D:7      | Found a transporter.
  8089 | D:7      | Noticed sbbq2022's ghost (novice DsFi)
  8102 | D:7      | Noticed a hornet
  8271 | D:7      | Found an ornate altar of the Wu Jian Council.
  8422 | D:7      | Reached skill level 8 in Fighting
  8785 | D:7      | Killed a hornet
  8814 | D:7      | HP: 3/81 [killer bee (6)]
  8824 | D:7      | HP: 1/81 [sbbq2022's ghost (10)]
  8831 | D:7      | Slain by a killer bee

Illustrated notes

Levels and vault maps discovered:
D:1:      dpeg_arrival_tiny_g, layout_basic
D:2:      layout_basic, uniq_robin, uniq_natasha
D:3:      layout_basic, hellmonk_ecumenical_altar_lost_god,
          portal_sewer_entry_e, minmay_unequal
D:4:      layout_gridville, gammafunk_ghost_cemetery, serial_co_window_serial,
          co_window_paths_a, co_window_corner_a, co_window_corner_a,
          co_window_of_opportunity_a, co_window_paths_a,
          co_window_unsneaky_path_e, co_window_broadway_c, co_window_2corner,
          co_window_2corner, glass_columns_a, glass_columns_a, glass_columns_b
D:5:      layout_basic, minmay_temple_entry_offerings, minmay_misc_feat_tower,
          grunt_decor_junction, uniq_blork_the_orc
D:6:      layout_cave_pods, nicolae_elemental_shop, minmay_door_square,
          hangedman_decor_slide_cut, corexii_corridor_pit
D:7:      layout_basic, nzn_wu_jian_council_hall, gammafunk_ghost_hive,
          minmay_misc_feat_doors, grunt_decor_mini_mirrors
Temple:   mainiacjoe_temple_cubbyholes

Skill      XL: |  1  2  3  4  5  6  7  8  9 |
---------------+----------------------------+-----
Long Blades    | 3 4 5 |  5.5
Dodging        | 3 4 5 |  5.1
Armour         | 1 2 3 4 |  4.2
Fighting       | 4 5 6 7 8 |  8.2
Axes           | 2 3 |  3.8
Stealth        | |  2.1

Action                   |  1- 3 |  4- 6 |  7- 9 || total
-------------------------+-------+-------+-------++-------
Melee: Falchion          |    44 |       |       ||    44
       Short sword       |    72 |   287 |   166 ||   525
       Punch             |     2 |     2 |     5 ||     9
       Hand axe          |       |       |   203 ||   203
Invok: Heroism           |       |       |     2 ||     2
  Use: Potion            |     1 |     1 |     5 ||     7
       Scroll            |       |     2 |     7 ||     9
 Stab: Sleeping          |     3 |     6 |     2 ||    11
       Invisible         |     1 |     2 |     2 ||     5
Armor: Robe              |    42 |    70 |       ||   112
       Troll leather arm |       |    58 |    84 ||   142
       Chain mail        |       |       |    47 ||    47
Dodge: Dodged            |   121 |   224 |   288 ||   633

Table legend: (Time is in decaauts)
 A = Elapsed time spent in this place.
 B = Non-inter-level travel time spent in this place.
 C = Inter-level travel time spent in this place.
 D = Time resting spent in this place.
 E = Time spent auto-exploring this place.
 F = Levels seen in this place.
 G = Mean time per level.
                   A        B        C        D        E       F      G
               +--------+--------+--------+--------+--------+-----+--------+
         Total |   8888 |   8357 |    531 |    875 |   5769 |   9 |  987.6 |
       Dungeon |   8246 |   7809 |    437 |    875 |   5368 |   7 | 1178.0 |
        Temple |    384 |    290 |     94 |      0 |    289 |   1 |  384.0 |
         Sewer |    257 |    257 |      0 |      0 |    112 |   1 |  257.0 |
               +--------+--------+--------+--------+--------+-----+--------+

Top non-repeatable levels by time:
     D:2: 1596 daAuts
     D:6: 1336 daAuts
     D:4: 1290 daAuts
     D:7: 1270 daAuts
     D:1: 1063 daAuts
     D:3: 1003 daAuts
     D:5: 685 daAuts
  Temple: 384 daAuts
   Sewer: 257 daAuts
